 Dungeon Crawl Stone Soup version 0.30-a0-845-g7c6808c8ce (webtiles) character file.

Game seed: 13363969787234482488

9730 retardedninja the Blocker (level 11, -16/89 HPs)
             Began as a Gnoll Fighter on Mar 2, 2023.
             Was an Initiate of Gozag.
             Killed from afar by an oklob plant (25 damage)
             ... with a splash of acid
             ... on level 11 of the Dungeon.
             The game lasted 00:21:33 (14518 turns).

retardedninja the Blocker (Gnoll Fighter)          Turns: 14518, Time: 00:21:34

Health: -16/89     AC: 13    Str: 20    XL:     11   Next: 51%
Magic:  0/20       EV:  8    Int:  8    God:    Gozag
Gold:   544        SH:  6    Dex: 11    Spells: 23/23 levels left

rFire   . . .      SeeInvis .    H - +8 trident of the Octopus King {venom, rElec rPois}
rCold   . . .      Faith    .    c - +0 buckler
rNeg    . . .      Spirit   +    u - +3 plate armour {rPois}
rPois   +          Reflect  .    r - +2 helmet
rElec   +          Rampage  .    (no cloak)
rCorr   .                        f - +0 pair of gloves
Will    .....                    C - +2 pair of boots Stlth
                                 B - amulet of guardian spirit
HPRegen 0.34/turn                (no ring)
MPRegen 0.17/turn                (no ring)

@: corroded, studying Unarmed Combat
A: fangs 1, strong nose, distributed training
a: Renounce Religion, Potion Petition, Call Merchant, Bribe Branch


You were on level 11 of the Dungeon.
You worshipped Gozag.
Gozag was pleased with you.
You visited 2 branches of the dungeon, and saw 12 of its levels.

You collected 2181 gold pieces.
You spent 832 gold pieces at shops.
You paid 805 gold pieces to Gozag.

Inventory:

Hand Weapons
 a - a +1 flail
 H - the +8 trident of the Octopus King (weapon) {venom, rElec rPois}
   (You found it on level 10 of the Dungeon)

   rElec:     It insulates you from electricity.
   rPois:     It protects you from poison.
Missiles
 n - 2 poisoned darts (quivered)
 D - 4 throwing nets
Armour
 c - a +0 buckler (worn)
 f - a +0 pair of gloves (worn)
 r - a +2 helmet (worn)
 u - a +3 plate armour of poison resistance (worn)
 C - a +2 pair of boots (worn)
Jewellery
 B - an amulet of guardian spirit (around neck)
 E - a ring of protection from fire
 J - a ring of resist corrosion
Wands
 j - a wand of flame (29)
 o - a wand of polymorph (6)
 w - a wand of iceblast (12)
 A - a wand of digging (5)
 G - a wand of mindburst (7)
Scrolls
 k - 2 scrolls of poison {unknown}
 m - 2 scrolls of summoning {unknown}
 s - 2 scrolls of blinking
 y - 2 scrolls of amnesia
 I - a scroll of fog
Potions
 d - 3 potions of heal wounds {unknown}
 e - 2 potions of lignification
 h - a potion of magic {unknown}
 i - a potion of resistance
 p - a potion of mutation
 q - 2 potions of brilliance
 t - 3 potions of curing
 v - a potion of flight {unknown}
 z - a potion of experience {unknown}
 F - a potion of cancellation {unknown}


   Skills:
 + Level 9.4 Fighting
 + Level 6.6 Short Blades
 + Level 6.6 Long Blades
 + Level 6.6 Axes
 + Level 8.1 Maces & Flails
 + Level 6.6 Polearms
 + Level 6.6 Staves
 + Level 6.6 Ranged Weapons
 + Level 6.6 Throwing
 + Level 9.4 Armour
 + Level 6.6 Dodging
 + Level 6.6 Stealth
 + Level 9.4 Shields
 + Level 8.0 Unarmed Combat
 + Level 6.6 Spellcasting
 + Level 5.4 Conjurations
 + Level 5.4 Hexes
 + Level 5.4 Summonings
 + Level 5.4 Necromancy
 + Level 5.4 Translocations
 + Level 5.4 Transmutations
 + Level 5.4 Fire Magic
 + Level 5.4 Ice Magic
 + Level 5.4 Air Magic
 + Level 5.4 Earth Magic
 + Level 5.4 Poison Magic
 + Level 7.2 Invocations
 + Level 6.6 Evocations


You had 23 spell levels left.
You didn't know any spells.
Your spell library contained the following spells:

 Spells                   Type           Power      Damage    Failure   Level
 Apportation              Tloc           22%        N/A       45%         1
 Necrotise                Necr           44%        1d6       45%         1
 Summon Small Mammal      Summ           44%        N/A       45%         1
 Static Discharge         Conj/Air       22%        2-3/arc   61%         2
 Dazzling Flash           Conj/Hex       22%        N/A       83%         3
 Frozen Ramparts          Ice            22%        1d4       83%         3
 Kindle Blastsparks       Fire/Tloc/Air  22%        2d11      83%         3
 Vhi's Electric Charge    Tloc/Air       22%        N/A       83%         3
 Fulminant Prism          Conj/Hex       5%         3d6       99%         4
 Ice Form                 Ice/Tmut       11%        N/A       99%         4
 Iskenderun's Mystic Bla  Conj/Tloc      11%        2d4       99%         4
 Summon Ice Beast         Ice/Summ       11%        N/A       99%         4
 Arcjolt                  Conj/Air       5%         1d15      100%        5
 Fireball                 Conj/Fire      5%         3d5       100%        5
 Iskenderun's Battlesphe  Conj           11%        2d7       100%        5
 Lee's Rapid Deconstruct  Erth           5%         3d6*      100%        5
 Lightning Bolt           Conj/Air       5%         1d17      100%        5
 Conjure Ball Lightning   Conj/Air       5%         3x3d6     100%        6
 Starburst                Conj/Fire      5%         6d4       100%        6
 Orb of Destruction       Conj           5%         9d5       100%        7


Dungeon Overview and Level Annotations

Branches:
Dungeon (11/15)            Temple (1/1) D:6            Lair (0/5) D:11
    Orc: D:9-12

Altars:
Ashenzari
Cheibriados
Dithmenos
Elyvilon
Fedhas
Gozag
Hepliaklqana
Kikubaaqudgha
Makhleb
Nemelex Xobeh
Okawaru
Qazlal
Ru
Sif Muna
Trog
Uskayaw
Vehumet
Wu Jian
Xom
Yredelemnul
Zin
The Shining One

Shops:
D:3 :*   D:5 =   D:7 !   D:8 [

Annotations:
D:9 1 runed translucent door, exclusion: 4 orange crystal statues
D:11 exclusion: oklob plant


Innate Abilities, Weirdness & Mutations

You have very sharp teeth.
Your uncanny sense of smell can sniff out nearby items.
Your experience applies equally to all skills.


Message History

The splash of acid hits you. The acid corrodes you!
You hit the oklob plant but do no damage.
The oklob plant looks as sick as possible!
The oklob plant is lightly damaged.
You puncture the oklob plant!
The oklob plant looks as sick as possible!
You bite the oklob plant, but do no damage.
The oklob plant is moderately damaged.
You hit the oklob plant but do no damage.
You bite the oklob plant, but do no damage.
The oklob plant is heavily damaged.
You hit the oklob plant but do no damage.
The oklob plant is heavily damaged.
The oklob plant spits acid at you. The splash of acid hits you!!
You hit the oklob plant but do no damage.
The oklob plant is heavily damaged.
You hit the oklob plant but do no damage.
The oklob plant is severely damaged.
The oklob plant spits acid at you. The splash of acid hits you!
You hit the oklob plant but do no damage.
You bite the oklob plant, but do no damage.
The oklob plant is severely damaged.
The oklob plant spits acid at you. The splash of acid hits you!
The acid corrodes you!
You hit the oklob plant but do no damage.
The oklob plant is severely damaged.
The oklob plant spits acid at you. The splash of acid misses you.
You hit the oklob plant but do no damage.
You bite the oklob plant, but do no damage.
The oklob plant is almost destroyed.
The oklob plant spits acid at you. The splash of acid hits you!!
* * * LOW HITPOINT WARNING * * *
The oklob plant spits acid at you. The splash of acid hits you!!
You die...
Your body crumbles into a pile of gold.

#..............#########'####
#####.........####......###...#..
................#######......##..
...............#...≈?..#...#.....
.................#.).#....#####..
................##...##...# #..
..............#..PPPPP..#.#####..
......######..#≈.PP>P..≈#.......#
......# ##.#.@PPPPP..#........
##.#### #.).##..P##...######. #.#
#....#...#....# ## #.#
##..#...≈...#..# #.#####
#....#######...# #.....# #.####
##### #####.# #.# #.# #.# #.# #.#


You could see an oklob plant (very poisoned).

Vanquished Creatures
  A catoblepas (D:9)
  7 ugly things
  Joseph (D:7)
  A komodo dragon (D:11)
  A hornet (D:8)
  5 wraiths
  3 wyverns
  Eustachio (D:5)
  2 steam dragons (D:8)
  4 wargs (D:10)
  A water moccasin (D:7)
  Duvessa (D:5)
  7 orc warriors
  2 ice beasts
  A sky beast (D:8)
  2 ogres
  4 centaurs
  A phantom (D:4)
  3 bullfrogs
  2 gnoll sergeants (D:10)
  A scorpion (D:5)
  3 wights (D:8)
  Dowan (D:5)
  5 howler monkeys (D:8)
  An electric eel (D:10)
  A gnoll bouda (D:9)
  8 orc priests
  A hound (D:4)
  4 iguanas
  A sleepcap (D:7)
  Ijyb (D:5)
  13 orc wizards
  12 gnolls
  5 adders
  2 white imps (D:6)
  3 dart slugs
  3 worms (D:2)
  33 orcs
  6 ball pythons
  7 endoplasms
  5 giant cockroaches
  3 goblins (D:1)
  11 hobgoblins
  10 jackals
  6 kobolds
  3 quokkas
  2 bats (D:1)
  4 frilled lizards (D:1)
  4 rats (D:1)
209 creatures vanquished.

Vanquished Creatures (others)
  A plant (D:5)
1 creature vanquished.

Grand Total: 210 creatures vanquished

Notes
Turn   | Place    | Note
-------+----------+-------------------------------------------
     0 | D:1      | retardedninja the Gnoll Fighter began the quest for the
                  | Orb.
     0 | D:1      | Reached XP level 1. HP: 23/23 MP: 1/1
    92 | D:1      | Reached XP level 2. HP: 29/29 MP: 2/2
   345 | D:1      | Reached XP level 3. HP: 28/35 MP: 3/3
   652 | D:1      | Reached skill level 1 in Invocations
   910 | D:2      | Reached skill level 1 in Short Blades
   910 | D:2      | Reached skill level 1 in Long Blades
   910 | D:2      | Reached skill level 1 in Axes
   910 | D:2      | Reached skill level 1 in Polearms
   910 | D:2      | Reached skill level 1 in Staves
   910 | D:2      | Reached skill level 1 in Ranged Weapons
   910 | D:2      | Reached skill level 1 in Throwing
   910 | D:2      | Reached skill level 1 in Dodging
   910 | D:2      | Reached skill level 1 in Stealth
   910 | D:2      | Reached skill level 1 in Unarmed Combat
   910 | D:2      | Reached skill level 1 in Spellcasting
   910 | D:2      | Reached skill level 1 in Evocations
  1147 | D:2      | Found a faded altar of an unknown god.
  1162 | D:2      | Reached XP level 4. HP: 38/41 MP: 5/5
  1510 | D:2      | Reached skill level 1 in Conjurations
  1510 | D:2      | Reached skill level 1 in Hexes
  1510 | D:2      | Reached skill level 1 in Summonings
  1510 | D:2      | Reached skill level 1 in Necromancy
  1510 | D:2      | Reached skill level 1 in Translocations
  1510 | D:2      | Reached skill level 1 in Transmutations
  1510 | D:2      | Reached skill level 1 in Fire Magic
  1510 | D:2      | Reached skill level 1 in Ice Magic
  1510 | D:2      | Reached skill level 1 in Air Magic
  1510 | D:2      | Reached skill level 1 in Earth Magic
  1510 | D:2      | Reached skill level 1 in Poison Magic
  1853 | D:3      | Reached XP level 5. HP: 19/47 MP: 5/7
  2161 | D:3      | Identified the +1 chain mail of the Eternal Void {Int+4}
  2213 | D:3      | Found Cotet's Assorted Antiques.
  2324 | D:3      | Found Yczil's Vocational Training.
  2393 | D:3      | Identified the +0 pair of boots "Xeminu" {Dex+2}
  3349 | D:4      | Noticed a phantom
  3356 | D:4      | Killed a phantom
  3357 | D:4      | Reached skill level 5 in Maces & Flails
  3357 | D:4      | Reached XP level 6. HP: 53/53 MP: 7/9
  3985 | D:5      | Entered Level 5 of the Dungeon
  3985 | D:5      | Noticed Ijyb
  3989 | D:5      | Found a broken altar of Ashenzari.
  4001 | D:5      | Paralysed by Ijyb for 3 turns
  4005 | D:5      | Killed Ijyb
  4011 | D:5      | Noticed Duvessa
  4014 | D:5      | Noticed Dowan
  4018 | D:5      | Killed Duvessa
  4019 | D:5      | Reached XP level 7. HP: 36/60 MP: 10/10
  4024 | D:5      | Killed Dowan
  4469 | D:5      | Found a glowing golden altar of the Shining One.
  4521 | D:5      | Found Oboikh's Jewellery Shop.
  5158 | D:5      | Noticed Eustachio
  5204 | D:5      | Killed Eustachio
  5205 | D:5      | Reached XP level 8. HP: 67/67 MP: 12/12
  5465 | D:6      | Found a staircase to the Ecumenical Temple.
  5480 | Temple   | Entered the Ecumenical Temple
  5501 | Temple   | Became a worshipper of Gozag Ym Sagoz the Greedy
  6794 | D:7      | Found Vetziah's Distillery.
  7101 | D:7      | Reached XP level 9. HP: 21/73 MP: 3/14
  7160 | D:7      | Noticed Joseph
  7170 | D:7      | Killed Joseph
  7839 | D:7      | Identified a scroll of acquirement
  7839 | D:7      | Acquired 508 gold pieces
  7868 | D:8      | Found a snail-covered altar of Cheibriados.
  8493 | D:8      | Reached skill level 5 in Invocations
  9014 | D:8      | Noticed a hornet
  9033 | D:8      | Paralysed by a hornet for 2 turns
  9034 | D:8      | Reached skill level 5 in Unarmed Combat
  9041 | D:8      | Killed a hornet
  9042 | D:8      | Reached skill level 5 in Short Blades
  9042 | D:8      | Reached skill level 5 in Long Blades
  9042 | D:8      | Reached skill level 5 in Axes
  9042 | D:8      | Reached skill level 5 in Polearms
  9042 | D:8      | Reached skill level 5 in Staves
  9042 | D:8      | Reached skill level 5 in Ranged Weapons
  9042 | D:8      | Reached skill level 5 in Throwing
  9042 | D:8      | Reached skill level 5 in Dodging
  9042 | D:8      | Reached skill level 5 in Stealth
  9042 | D:8      | Reached skill level 5 in Spellcasting
  9042 | D:8      | Reached skill level 5 in Evocations
  9042 | D:8      | Reached XP level 10. HP: 45/81 MP: 13/17
  9428 | D:8      | Found Sitierch's Antique Armour Emporium.
  9440 | D:8      | Bought a shiny plate armour for 832 gold pieces
  9569 | D:9      | Found a runed translucent door.
  9632 | D:9      | Noticed a catoblepas
 10719 | D:9      | Killed a catoblepas
 11092 | D:9      | Found a runed translucent door.
 11116 | D:9      | Noticed an orange crystal statue
 11116 | D:9      | Found the +10 tower shield of Ignorance {rN+ Int-4}
 11247 | D:10     | Entered Level 10 of the Dungeon
 11351 | D:9      | Noticed an orange crystal statue
 11351 | D:9      | Noticed an orange crystal statue
 11351 | D:9      | Noticed an orange crystal statue
 11353 | D:9      | Noticed a two-headed ogre
 11824 | D:10     | Found the +8 trident of the Octopus King {venom, rElec
                  | rPois}
 12892 | D:10     | Noticed a white ugly thing
 12904 | D:10     | Killed a white ugly thing
 12905 | D:10     | Reached skill level 5 in Conjurations
 12905 | D:10     | Reached skill level 5 in Hexes
 12905 | D:10     | Reached skill level 5 in Summonings
 12905 | D:10     | Reached skill level 5 in Necromancy
 12905 | D:10     | Reached skill level 5 in Translocations
 12905 | D:10     | Reached skill level 5 in Transmutations
 12905 | D:10     | Reached skill level 5 in Fire Magic
 12905 | D:10     | Reached skill level 5 in Ice Magic
 12905 | D:10     | Reached skill level 5 in Air Magic
 12905 | D:10     | Reached skill level 5 in Earth Magic
 12905 | D:10     | Reached skill level 5 in Poison Magic
 12905 | D:10     | Reached XP level 11. HP: 63/89 MP: 14/20
 13378 | D:11     | Noticed an oklob plant
 13497 | D:11     | Noticed a white ugly thing
 13497 | D:11     | Noticed a green ugly thing
 13497 | D:11     | Noticed a cyan ugly thing
 13497 | D:11     | Noticed a cyan ugly thing
 13498 | D:11     | Noticed a purple ugly thing
 13502 | D:11     | Noticed a purple ugly thing
 13504 | D:11     | Killed a cyan ugly thing
 13519 | D:11     | Killed a brown ugly thing
 13530 | D:11     | Killed a red ugly thing
 13547 | D:11     | Killed a red ugly thing
 13556 | D:11     | Killed a red ugly thing
 13569 | D:11     | Killed a red ugly thing
 14111 | D:11     | Noticed a wizard
 14111 | D:11     | Noticed a white very ugly thing
 14460 | D:11     | Found a staircase to the Lair.
 14518 | D:11     | Killed from afar by an oklob plant

Illustrated notes

Levels and vault maps discovered:
D:1:      spicycebolla_green_bress_n_ham, layout_loops_ring,
          amcnicky_mini_corridor_feature
D:2:      cheibrodos_old_hovel, layout_basic,
          shapermc_ecumenical_altar_totnotflames
D:3:      layout_basic, serial_shops, shop, nicolae_shop_vocational
D:4:      layout_basic, dk_vineyard_1
D:5:      layout_basic, old_standard_altar, tso_oasis_becter, serial_shops,
          nicolae_shop_behind_doors, uniq_ijyb, uniq_eustachio, uniq_duvessa
D:6:      layout_basic, minmay_temple_entry_wispy, kennysheep_donut,
          hangedman_abyss_or_decor_stabs
D:7:      layout_gridville, serial_shops, shop, uniq_joseph
D:8:      layout_basic, lemuel_crystal_altar, serial_shops, shop,
          minmay_manual_monolith
D:9:      layout_cross, hex_medium, chequers_guarded_unrand_ignorance
D:10:     layout_roguey, nooodl_orcs_dogs
D:11:     cheibrodos_breeding_chamber, layout_basic, dpeg_oklobed_lair,
          uniq_lodul
Temple:   hellmonk_temple_of_storms

Skill      XL: |  1  2  3  4  5  6  7  8  9 10 11 |
---------------+----------------------------------+-----
Invocations    | 1 2 3 4 5 6 7 |  7.2
Short Blades   | 1 2 3 5 6 |  6.6
Long Blades    | 1 2 3 5 6 |  6.6
Axes           | 1 2 3 5 6 |  6.6
Polearms       | 1 2 3 5 6 |  6.6
Staves         | 1 2 3 5 6 |  6.6
Ranged Weapons | 1 2 3 5 6 |  6.6
Throwing       | 1 2 3 5 6 |  6.6
Dodging        | 1 2 3 5 6 |  6.6
Stealth        | 1 2 3 5 6 |  6.6
Unarmed Combat | 1 2 3 5 7 8 |  8.0
Spellcasting   | 1 2 3 5 6 |  6.6
Evocations     | 1 2 3 5 6 |  6.6
Conjurations   | 1 2 3 4 5 |  5.4
Hexes          | 1 2 3 4 5 |  5.4
Summonings     | 1 2 3 4 5 |  5.4
Necromancy     | 1 2 3 4 5 |  5.4
Translocations | 1 2 3 4 5 |  5.4
Transmutations | 1 2 3 4 5 |  5.4
Fire Magic     | 1 2 3 4 5 |  5.4
Ice Magic      | 1 2 3 4 5 |  5.4
Air Magic      | 1 2 3 4 5 |  5.4
Earth Magic    | 1 2 3 4 5 |  5.4
Poison Magic   | 1 2 3 4 5 |  5.4
Maces & Flails | 5 6 7 8 |  8.1
Fighting       | 7 8 9 |  9.4
Armour         | 7 8 9 |  9.4
Shields        | 7 8 9 |  9.4

Action                     |  1- 3 |  4- 6 |  7- 9 | 10-12 || total
---------------------------+-------+-------+-------+-------++-------
  Melee: Flail             |   133 |   160 |   376 |   163 ||   832
         Bite              |    17 |    16 |    49 |    44 ||   126
         Trident           |       |       |       |   202 ||   202
  Throw: Dart              |       |    13 |    27 |       ||    40
 Invoke: Potion Petition   |       |       |       |     2 ||     2
  Evoke: Wand              |       |     7 |    14 |    11 ||    32
    Use: Potion            |       |     1 |    11 |     3 ||    15
         Scroll            |       |     6 |    11 |     5 ||    22
   Stab: Invisible         |       |     3 |     5 |       ||     8
         Distracted        |       |       |       |     1 ||     1
 Armour: Scale mail        |    61 |       |       |       ||    61
         Chain mail        |    10 |   105 |   268 |       ||   383
         Plate armour      |       |       |    64 |   363 ||   427
         Skin              |       |       |    46 |       ||    46
  Dodge: Dodged            |    58 |    47 |   184 |   165 ||   454
  Block: Buckler           |    30 |    60 |   153 |   123 ||   366

Table legend: (Time is in decaauts)
 A = Elapsed time spent in this place.
 B = Non-inter-level travel time spent in this place.
 C = Inter-level travel time spent in this place.
 D = Time resting spent in this place.
 E = Time spent auto-exploring this place.
 F = Levels seen in this place.
 G = Mean time per level.
                   A        B        C        D        E       F      G
               +--------+--------+--------+--------+--------+-----+--------+
         Total |  14677 |  14244 |    433 |   4663 |   6950 |  12 | 1223.1 |
       Dungeon |  14627 |  14200 |    427 |   4663 |   6934 |  11 | 1329.7 |
        Temple |     50 |     44 |      6 |      0 |     16 |   1 |   50.0 |
               +--------+--------+--------+--------+--------+-----+--------+

Top non-repeatable levels by time:
     D:8: 3181 daAuts
    D:10: 1637 daAuts
     D:7: 1596 daAuts
     D:5: 1512 daAuts
     D:4: 1421 daAuts
    D:11: 1266 daAuts
     D:2: 1037 daAuts
     D:1: 838 daAuts
     D:6: 779 daAuts
     D:3: 746 daAuts
     D:9: 607 daAuts
  Temple: 50 daAuts
